 Dungeon Crawl Stone Soup version 0.31-a0-188-g5e087ee2ca (webtiles) character file.

Game seed: 925051107817118965

493 qw the Skirmisher (level 6, -5/36 HPs)
             Began as a Deep Elf Hunter on June 23, 2023.
             Slain by Pikel
             ... wielding a +0 whip of electrocution
              (19 damage)
             ... on level 5 of the Dungeon.
             The game lasted 00:01:34 (3357 turns).

qw the Skirmisher (Deep Elf Hunter)                 Turns: 3357, Time: 00:01:35

Health: -5/36      AC:  6    Str: 10    XL:     6   Next: 92%
Magic:  8/8        EV: 11    Int: 14    God:
Gold:   71         SH:  0    Dex: 18    Spells: 5/5 levels left

rFire   . . .        Y - +0 shortbow
rCold   . . .        (shield currently unavailable)
rNeg    . . .        f - +0 ring mail
rPois   .            (no helmet)
rElec   .            (no cloak)
rCorr   .            (no gloves)
SInv    .            j - +0 pair of boots
Will    +....        (no amulet)
Stlth   +            b - ring of willpower
HPRegen 0.26/turn    (no ring)
MPRegen 0.11/turn

%: no passive effects
@: no status effects
A: no striking features
a: no special abilities


You were on level 5 of the Dungeon.
You visited 1 branch of the dungeon, and saw 5 of its levels.

You collected 151 gold pieces.
You spent 80 gold pieces at shops.


   Skills:
 - Level 2.4 Fighting
 - Level 10.0 Ranged Weapons
 + Level 0.7 Armour
 - Level 3.4 Dodging
 - Level 1.2 Stealth


You had 5 spell levels left.
You didn't know any spells.
Your spell library was empty.

Inventory:

Hand Weapons
 Y - a +0 shortbow (weapon)
Armour
 f - a +0 ring mail (worn)
 j - a +0 pair of boots (worn)
Jewellery
 b - a ring of willpower (left hand)
 m - a ring of flight
Scrolls
 a - a scroll of identify
 h - a scroll of teleportation
Potions
 c - a potion of haste
 d - 4 potions of curing
 e - a potion of cancellation
 g - a potion of heal wounds
 i - a potion of mutation {unknown}
 k - a potion of lignification {unknown}
 l - a potion of might {unknown}

Dungeon Overview and Level Annotations

Branches:
Dungeon (5/15)
 Temple: D:4-7

Altars:
Ru
Zin

Shops:
D:5 ?*:

Annotations:
D:5 Pikel


Message History

The arrow completely misses the shadow imp.
The shadow imp misses you.
You shoot an arrow. The arrow hits the shadow imp!
You kill the shadow imp!
You start resting.
HP restored.
Pikel and a lemure come into view.
Pikel is wielding a +0 whip of electrocution.
Found 2 javelins and 4 stones.
Pikel shouts!
The lemure shouts!
You hear a shout!
A lemure comes into view.
The lemure moves out of view.
You hear a shout!
You see here 12 gold pieces.
Enter note: You shoot an arrow.
The arrow hits the lemure!
The lemure is moderately wounded.
You hear a shout!
A lemure comes into view.
You shoot an arrow.
The arrow hits the lemure but does no damage.
The lemure is moderately wounded.
You shoot an arrow. The arrow closely misses Pikel.
You shoot an arrow. The arrow hits Pikel.
Pikel is lightly wounded.
A lemure comes into view.
You shoot an arrow. The arrow hits Pikel.
Pikel is lightly wounded.
Pikel hits you with a +0 whip of electrocution.
You shoot an arrow. The arrow hits the lemure.
The lemure is moderately wounded.
Pikel barely misses you. The lemure hits you.
You shoot an arrow. The arrow hits the lemure.
The lemure is heavily wounded.
Pikel hits you but does no damage. The lemure hits you. The lemure hits you!
The lemure hits you.
Pikel hits you with a +0 whip of electrocution.
You are electrocuted!!
Ouch! That really hurt!
You die...

######.........#
..............#
.# .(
#########%....#
.#.( #.....# #.#.
#..<..# ...
##.....## ..#
#.......# ..#####
#.....(.##5.....#
#........@K5#
#.......#5#.#
##...####5....
#...# ##..#...
#... .># ... #...
..# ## .. ..# ...


You could see Pikel and 4 lemures.

Vanquished Creatures
  A scorpion (D:4)
  A howler monkey (D:5)
  2 hounds
  An orc priest (D:4)
  An iguana (D:3)
  An orc wizard (D:4)
  8 gnolls
  5 adders
  A shadow imp (D:5)
  An ufetubus (D:4)
  4 worms
  3 dart slugs
  12 orcs
  6 bats
  4 endoplasms
  3 giant cockroaches
  4 goblins
  10 hobgoblins
  3 jackals (D:2)
  4 quokkas
  7 ball pythons
  5 frilled lizards (D:2)
  12 kobolds
  2 rats
101 creatures vanquished.

Notes
Turn   | Place    | Note
-------+----------+-------------------------------------------
     0 | D:1      | qw the Deep Elf Hunter began the quest for the Orb.
     0 | D:1      | Reached XP level 1. HP: 12/12 MP: 3/3
     0 | D:1      | 0 ||| qw: Version: 0.3-a-9-g12657ce
     0 | D:1      | 0 ||| qw: Game counter: 3772
     0 | D:1      | 0 ||| qw: Always use a shield: true
     0 | D:1      | 0 ||| qw: God list: Okawaru
     0 | D:1      | 0 ||| qw: Allow faded altars: false
     0 | D:1      | 0 ||| qw: Do Orc after D:15 true
     0 | D:1      | 0 ||| qw: Do second Lair branch before Depths: true
     0 | D:1      | 0 ||| qw: Lair rune preference: random
     0 | D:1      | 0 ||| qw: Plans: Normal
     0 | D:1      | 0 ||| PLANNING D:1-11
   172 | D:1      | Reached XP level 2. HP: 16/16 MP: 4/4
   185 | D:1      | Reached skill level 6 in Ranged Weapons
   567 | D:1      | 567 ||| READING 4 scrolls labelled UTAEKE XAVO.
   568 | D:1      | 568 ||| READING scroll labelled MUXEBU AX CIC.
   569 | D:1      | 569 ||| READING scroll labelled APSERA XIFO.
   570 | D:1      | 570 ||| DRINKING 2 smoky clear potions.
   571 | D:1      | 571 ||| READING 3 scrolls of identify.
   571 | D:1      | 571 ||| IDENTIFYING dark potion
   572 | D:1      | 572 ||| READING 2 scrolls of identify.
   572 | D:1      | 572 ||| IDENTIFYING fizzy yellow potion
   573 | D:1      | 573 ||| DROPPING scroll of butterflies.
   574 | D:1      | 574 ||| DROPPING potion of brilliance.
   624 | D:2      | 624 ||| FLEEEEING.
   722 | D:2      | Reached XP level 3. HP: 20/20 MP: 5/5
   908 | D:2      | Reached skill level 7 in Ranged Weapons
  1282 | D:2      | 1282 ||| UPGRADING to +0 ring mail.
  1292 | D:2      | 1292 ||| DROPPING +0 leather armour.
  1293 | D:2      | 1293 ||| UPGRADING to ring of willpower.
  1429 | D:3      | Reached XP level 4. HP: 25/25 MP: 6/6
  1554 | D:3      | Reached skill level 8 in Ranged Weapons
  1649 | D:3      | Reached XP level 5. HP: 29/29 MP: 7/7
  2237 | D:3      | 2237 ||| UPGRADING to +0 pair of boots.
  2242 | D:3      | 2242 ||| READING scroll labelled VACZOA YFES.
  2247 | D:3      | 2247 ||| READING scroll labelled BIOKOB ZE KECI.
  2248 | D:3      | 2248 ||| DRINKING 2 brown potions.
  2249 | D:3      | 2249 ||| READING 2 scrolls of identify.
  2249 | D:3      | 2249 ||| IDENTIFYING blue potion
  2250 | D:3      | 2250 ||| DROPPING potion of attraction.
  2251 | D:3      | 2251 ||| DROPPING potion of invisibility.
  2296 | D:4      | Reached skill level 9 in Ranged Weapons
  2375 | D:4      | 2375 ||| Stepping ~*~*~tactically~*~*~ (outnumbered).
  2392 | D:4      | Reached XP level 6. HP: 30/36 MP: 8/8
  2515 | D:4      | 2515 ||| FLEEEEING.
  2516 | D:4      | 2516 ||| FLEEEEING.
  2517 | D:4      | 2517 ||| FLEEEEING.
  2518 | D:4      | 2518 ||| FLEEEEING.
  2519 | D:4      | 2519 ||| FLEEEEING.
  2520 | D:4      | 2520 ||| FLEEEEING.
  2521 | D:4      | 2521 ||| FLEEEEING.
  2710 | D:4      | 2710 ||| FLEEEEING.
  2713 | D:4      | 2713 ||| FLEEEEING.
  2714 | D:4      | 2714 ||| FLEEEEING.
  2715 | D:4      | 2715 ||| FLEEEEING.
  2716 | D:4      | 2716 ||| FLEEEEING.
  2717 | D:4      | 2717 ||| FLEEEEING.
  2718 | D:4      | 2718 ||| FLEEEEING.
  2724 | D:4      | 2724 ||| FLEEEEING.
  3000 | D:4      | 3000 ||| READING 2 scrolls labelled XYTO WUULIGE.
  3001 | D:4      | 3001 ||| READING scroll labelled ULEDIUMNIGH.
  3002 | D:4      | 3002 ||| DRINKING 2 purple potions.
  3003 | D:4      | 3003 ||| DROPPING scroll of poison.
  3005 | D:4      | 3005 ||| Stepping ~*~*~tactically~*~*~ (cloud).
  3123 | D:5      | Entered Level 5 of the Dungeon
  3145 | D:5      | Found a sacrificial altar of Ru.
  3154 | D:5      | Found a glowing silver altar of Zin.
  3167 | D:5      | Found Qycref's General Store.
  3169 | D:5      | Found Wodasuesk's Magic Scroll Shoppe.
  3169 | D:5      | Found Osoam's Book Shoppe.
  3179 | D:5      | 3179 ||| BUYING potion of heal wounds (50 gold).
  3179 | D:5      | Bought a potion of heal wounds for 50 gold pieces
  3179 | D:5      | 3179 ||| BUYING scroll of teleportation (30 gold).
  3179 | D:5      | Bought a scroll of teleportation for 30 gold pieces
  3211 | D:5      | Reached skill level 10 in Ranged Weapons
  3277 | D:5      | Reached skill level 3 in Dodging
  3350 | D:5      | Noticed Pikel
  3357 | D:5      | Slain by Pikel

Levels and vault maps discovered:
D:1:      eino_arrival_water_cross, layout_loops_ring
D:2:      layout_loops_ring
D:3:      layout_loops_ring, minivault_5
D:4:      layout_loops_ring
D:5:      layout_basic, mainiacjoe_overflow_surrounded_room,
          mainiacjoe_overflow_large_starburst, serial_shops, shop,
          nicolae_shop_distant_corner_stores, uniq_edmund, uniq_sigmund,
          uniq_pikel

Skill      XL: |  1  2  3  4  5  6 |
---------------+-------------------+-----
Ranged Weapons | 6 7 8 9 10 | 10.0
Fighting       | 2 |  2.4
Dodging        | 3 |  3.4
Armour         | |  0.7
Stealth        | |  1.2

Action                     |  1- 3 |  4- 6 || total
---------------------------+-------+-------++-------
   Fire: Shortbow          |   162 |   221 ||   383
    Use: Scroll            |     5 |     5 ||    10
         Potion            |     1 |     2 ||     3
 Armour: Leather armour    |     6 |       ||     6
         Ring mail         |     2 |    49 ||    51
  Dodge: Dodged            |    41 |    67 ||   108

Table legend:
 A = Non-vault XP
 B = Vault XP
 C = Vault XP percentage of total XP
 D = Non-vault monster count
 E = Vault monster count
 F = Vault count percentage of total count
                 A         B        C        D         E       F
            +---------+---------+-------+---------+---------+-------
      Total |     705 |       0 |   0.0 |     101 |       0 |   0.0
            +---------+---------+-------+---------+---------+-------
        D:1 |      31 |       0 |   0.0 |      18 |       0 |   0.0
        D:2 |      56 |       0 |   0.0 |      27 |       0 |   0.0
        D:3 |     133 |       0 |   0.0 |      18 |       0 |   0.0
        D:4 |     295 |       0 |   0.0 |      29 |       0 |   0.0
        D:5 |     190 |       0 |   0.0 |       9 |       0 |   0.0
            +---------+---------+-------+---------+---------+-------
